AoeStats
← Krogx

Fortress

507131994Analyzed
4v4 RM · 17d ago on Sep 16, 2026· 50m 57s· 8 players
Game mode
Random Map
Map size
Huge
Population
200
Speed
Normal
Resources
Standard
Victory
Conquest
Starting age
Dark Age
Ending age
Imperial Age
RankedLock teamsTeams togetherTeam positionsShared explorationLock speedFull tech treeHidden civsTurbo modeCheats
Victory
Defeat
🇩🇰 Mongols · Denmark
937
+15
🇩🇰 Aztecs · Denmark
929
+15
🇹🇷 Aztecs · Türkiye
892
+16
🇬🇷 Franks · Greece
876
+17
🇲🇽 Bohemians · Mexico
1033
-28
🇲🇽 Goths · Mexico
918
-16
🇲🇽 Italians · Mexico
915
-16
🇲🇽 Khmer · Mexico
748
-10
Krogx
9:19 Feudal Age
9:38 Loom
9:46 Horse Collar
9:55 Double-Bit Axe
12:44 Wheelbarrow
12:02 Gold Mining
18:00 Castle Age
16:42 Stone Mining
19:06 Bow Saw
20:56 Gold Shaft Mining
21:47 Ballistics
22:33 Hand Cart
23:13 Heavy Plow
25:13 Stone Shaft Mining
24:49 Eagle Warrior
26:49 Eagle Warrior
33:12 Fortified Wall
36:25 Scale Mail Armor
36:36 Forging
38:19 Squires
38:05 Arson
38:05 Gambesons
42:21 Chain Mail Armor
42:42 Iron Casting
45:51 Imperial Age
43:41 Caravan
45:57 Elite Jaguar Warrior
49:01 Coinage
48:22 Elite Eagle Warrior
51:18 Plate Mail Armor
51:48 Blast Furnace
Ludi
7:02 Feudal Age
7:20 Loom
14:21 Castle Age
12:48 Horse Collar
15:47 Gold Mining
20:39 Imperial Age
21:56 Fortified Wall
25:07 Double-Bit Axe
25:44 Heavy Plow
26:28 Bow Saw
27:27 Wheelbarrow
28:26 Gold Shaft Mining
27:42 Stone Mining
29:05 Fletching
29:51 Ballistics
30:24 Bodkin Arrow
30:38 Scale Barding Armor
32:20 Chemistry
31:31 Masonry
32:11 Hand Cart
32:27 Bracer
32:58 Chain Barding Armor
32:50 Murder Holes
36:56 Elite Mangudai
44:27 Caravan
alakerman
7:41 Feudal Age
9:37 Wheelbarrow
11:54 Castle Age
10:38 Double-Bit Axe
22:15 Husbandry
22:45 Bow Saw
28:41 Imperial Age
27:24 Forging
27:20 Scale Barding Armor
27:38 Town Watch
28:56 Hand Cart
29:19 Iron Casting
29:30 Squires
28:53 Cavalier
32:04 Chemistry
33:02 Chain Barding Armor
32:42 Scale Mail Armor
33:43 Blast Furnace
34:16 Padded Archer Armor
34:07 Fletching
34:54 Elite Skirmisher
36:49 Ballistics
37:06 Leather Archer Armor
37:06 Gold Mining
37:14 Bodkin Arrow
41:21 Plate Barding Armor
42:26 Chain Mail Armor
42:17 Paladin
44:10 Conscription
yurigagarin
0:26 Loom
7:06 Feudal Age
7:14 Man-at-Arms
7:57 Double-Bit Axe
19:44 Castle Age
19:19 Wheelbarrow
19:02 Scale Mail Armor
19:07 Horse Collar
19:53 Gold Mining
22:15 Bow Saw
22:10 Heavy Plow
23:21 Eagle Warrior
24:30 Forging
27:32 Hand Cart
27:15 Stone Mining
30:09 Iron Casting
29:49 Chain Mail Armor
30:14 Gold Shaft Mining
30:14 Stone Shaft Mining
31:37 Long Swordsman
32:04 Gambesons
32:20 Squires
42:46 Imperial Age
42:43 Caravan
44:06 Plate Mail Armor
44:36 Blast Furnace
44:39 Crop Rotation
46:24 Garland Wars
46:25 Conscription
45:27 Elite Jaguar Warrior
46:07 Elite Eagle Warrior
46:50 Capped Ram
48:00 Siege Ram
Nosoyunatostada
8:19 Feudal Age
12:56 Scale Barding Armor
15:01 Castle Age
18:51 Caravan
20:14 Padded Archer Armor
22:25 Tusk Swords
31:34 Man-at-Arms
34:10 Long Swordsman
40:32 Imperial Age
41:32 Double Crossbow
45:52 Ballistics
frijogtz
8:03 Feudal Age
12:09 Castle Age
11:21 Double-Bit Axe
11:25 Horse Collar
11:49 Loom
20:19 Chemistry
20:06 Wheelbarrow
20:00 Town Watch
27:27 Imperial Age
26:41 Hand Cart
30:02 Fletching
31:17 Ballistics
32:52 Town Patrol
42:13 Padded Archer Armor
42:09 Bodkin Arrow
42:35 Caravan
Sotelo of Empires
7:25 Loom
9:30 Feudal Age
11:18 Double-Bit Axe
13:54 Castle Age
12:01 Gold Mining
12:12 Fletching
12:22 Padded Archer Armor
16:08 Stone Mining
24:50 Imperial Age
24:35 Ballistics
25:33 Leather Archer Armor
25:14 Bodkin Arrow
26:38 Chemistry
28:12 Bow Saw
47:22 Ring Archer Armor
46:52 Bracer
ulisotelo87
9:14 Feudal Age
10:40 Double-Bit Axe
13:33 Castle Age
12:47 Gold Mining
13:11 Scale Mail Armor
14:18 Anarchy
17:51 Squires
21:13 Chain Mail Armor
22:42 Wheelbarrow
35:38 Imperial Age
36:30 Perfusion
42:07 Elite Huskarl
Connection lost

Rejoining the realm…

Still unreachable

The connection could not be restored.

Session expired

The server has moved on; the page needs a fresh start.